 Dungeon Crawl Stone Soup version 0.26.0-15-gc6cd9f700b (webtiles) character file.

Game seed: 6910913433355468577

46395 runemasterragnar the Fighter (level 14, -7/146 HPs)
             Began as an Ogre Monk on Jan 16, 2021.
             Was the Champion of Kikubaaqudgha.
             Mangled by a komodo dragon (17 damage)
             ... on level 2 of the Lair of Beasts on Jan 17, 2021.
             The game lasted 01:01:59 (21800 turns).

runemasterragnar the Fighter (Ogre Monk)           Turns: 21800, Time: 01:02:00

Health: -7/146     AC: 13    Str: 18    XL:     14   Next: 37%
Magic:  1/27       EV:  9    Int: 15    God:    Kikubaaqudgha [******]
Gold:   611        SH:  0    Dex: 11    Spells: 6/32 levels left

rFire    . . .     SeeInvis .   q - staff of death
rCold    + + .     Faith    .   (no shield)
rNeg     + . .     Spirit   .   n - +0 ice dragon scales
rPois    .         Reflect  .   S - +2 hat
rElec    .         Harm     .   (no cloak)
rCorr    .         Rampage  .   (gloves unavailable)
Will     +....                  (boots unavailable)
Stlth    ..........             w - amulet of regeneration
HPRegen  0.74/turn              t - ring of protection from fire
MPRegen  0.20/turn              (no ring)

@: no status effects
A: large, unfitting armour, tough skin 1
a: Renounce Religion, Receive Corpses, Torment


You were on level 2 of the Lair of Beasts.
You worshipped Kikubaaqudgha.
Kikubaaqudgha was exalted by your worship.
You visited 3 branches of the dungeon, and saw 19 of its levels.
You also visited: Ice Cave.

You collected 1503 gold pieces.
You spent 892 gold pieces at shops.

Inventory:

Hand Weapons
 e - a +2 war axe of distortion
 g - a +0 hunting sling
 l - a +7 spectral club
 x - a +2 vorpal quarterstaff
 y - a +2 morningstar of holy wrath
 P - a +0 lajatang
 Q - a +2 scimitar of flaming
Missiles
 d - 129 sling bullets
 I - 6 javelins (quivered)
Armour
 n - +0 ice dragon scales (worn)
 C - +0 acid dragon scales
 S - a +2 hat (worn)
Magical Staves
 j - an uncursed staff of conjuration
 q - an uncursed staff of death (weapon)
 T - an uncursed staff of poison
Jewellery
 c - an uncursed amulet of guardian spirit
 t - a ring of protection from fire (left hand)
 w - an amulet of regeneration (around neck)
 H - an uncursed ring of protection from fire
 N - an uncursed ring of protection from fire
Wands
 h - a wand of polymorph (1)
 i - a wand of iceblast (21)
 m - a wand of paralysis (5)
 r - a wand of disintegration (3)
 A - a wand of flame (11)
 U - a wand of random effects (53)
Scrolls
 a - 3 scrolls of identify
 o - a scroll of immolation
 p - 6 scrolls of remove curse
 s - 2 scrolls of enchant armour
 u - 5 scrolls of fog
 v - 4 scrolls of teleportation
 D - 4 scrolls of magic mapping
 M - a scroll of amnesia
 V - 2 scrolls of vulnerability
Potions
 b - a potion of mutation
 k - a potion of flight
 z - a potion of cancellation
 B - 2 potions of attraction
 E - a potion of lignification
 L - 2 potions of curing
 R - a potion of ambrosia
 X - a potion of resistance


   Skills:
 + Level 11.2 Fighting
 - Level 3.7(6.7) Axes
 - Level 8.0(8.8) Maces & Flails
 + Level 4.3(7.1) Staves
 - Level 4.0 Armour
 - Level 6.0 Dodging
 - Level 1.4 Stealth
 + Level 9.7 Spellcasting
 * Level 11.0 Necromancy
 * Level 7.5 Transmutations
 + Level 8.6 Evocations


You had 6 spell levels left.
You knew the following spells:

 Your Spells              Type           Power        Failure   Level
a - Pain                  Necr           100%         1%          1
b - Animate Skeleton      Necr           100%         1%          1
c - Vampiric Draining     Necr           28%          1%          3
d - Animate Dead          Necr           28%          4%          4
e - Dispel Undead         Necr           57%          4%          4
f - Necromutation         Tmut/Necr      25%          100%        8
g - Agony                 Necr           57%          11%         5

Your spell library contained the following spells:

 Spells                   Type           Power        Failure   Level
 Sublimation of Blood     Necr           28%          1%          2
 Borgnjor's Vile Clutch   Necr/Erth      17%          73%         5
 Simulacrum               Ice/Necr       17%          99%         6
 Haunt                    Necr/Summ      17%          100%        7
 Borgnjor's Revivificati  Necr           28%          100%        8
 Infestation              Necr           28%          100%        8
 Death's Door             Necr           28%          100%        9


Dungeon Overview and Level Annotations

Branches:
Dungeon (12/15)            Temple (0/1) D:4            Lair (5/6) D:9
  Swamp (0/4) Lair:4        Snake (0/4) Lair:4          Orc (2/2) D:11
    Elf (0/3) Orc:2         IceCv (visited)
  Slime: Lair:5-6

Altars:
Cheibriados
Dithmenos
Elyvilon
Hepliaklqana
Kikubaaqudgha
Makhleb
Nemelex Xobeh
Qazlal
Ru
Xom
Beogh

Shops:
D:6 ?   D:9 }}?[   D:11 =   Orc:1 [

Portals:
Trove: D:11 (give +4 fire dragon scales)

Annotations:
D:6 2 transporters
D:8 2 transporters, pkoi's ghost, novice MiFi
D:12 1 runed translucent door
Lair:1 1 runed translucent door
Lair:4 exclusion: 2 oklob plants


Innate Abilities, Weirdness & Mutations

You are too large for most types of armour.
You have tough skin. (AC +1)


Message History

Aiming: Iceblast
Press: ? - help, Shift-Dir - straight line, p - komodo dragon
Okay, then.
Unknown command.
Okay, then.
Evoke which item? (* to show all) (? for menu, Esc to quit)
Aiming: Disintegrate
Press: ? - help, Shift-Dir - straight line, f/p - komodo dragon
Aim: a komodo dragon (heavily wounded, chance to affect: 78%)
The komodo dragon barely resists.
The komodo dragon bites you!
* * * LOW HITPOINT WARNING * * *
Unknown command.
Unknown command.
Evoke which item? (* to show all) (? for menu, Esc to quit)
Aiming: Disintegrate
Press: ? - help, Shift-Dir - straight line, f/p - komodo dragon
Aim: a komodo dragon (heavily wounded, chance to affect: 78%)
The komodo dragon barely resists.
The komodo dragon bites you!
You die...
Kikubaaqudgha rasps: "You have failed me!
Welcome... death!"

### #.# ######.##
.###..P...$##
............#
............#
.....###†#..##
^........†#.l@.#
.............P..#
.............####.#
..............# ##
........>.....###
.#.#.#.....##...#
..........###...#
.#.#.#.....YY#..##
............h....#


You could see a komodo dragon.

Vanquished Creatures
  An ice dragon (D:10)
  Harold (D:7)
  2 hydras
  Erica (D:8)
  2 orc high priests (Orc:2)
  Nergalle (Lair:4)
  2 bog bodies (Lair:4)
  2 unseen horrors (D:12)
  Pikel (D:7)
  An orc knight (Orc:1)
  A necromancer (IceCv)
  A deep elf mage (D:12)
  A wolf spider (D:10)
  A manticore (D:12)
  4 ugly things
  A torpor snail (Lair:3)
  Maggie (D:7)
  A centaur zombie (D:10)
  12 elephants
  2 ice statues (IceCv)
  5 komodo dragons
  12 cane toads
  2 rime drakes
  12 ice devils (IceCv)
  4 trolls
  Grinder (D:3)
  8 blink frogs
  7 dream sheep (Lair:4)
  Sigmund (D:2)
  2 shadows (D:11)
  A basilisk (Lair:2)
  3 vampire mosquitoes (D:11)
  29 yaks
  A steam dragon (D:11)
  A warg (Orc:1)
  2 swamp worms (Lair:4)
  9 water moccasins
  Purgy (D:4)
  An eye of draining (D:10)
  9 ice beasts
  A black bear (Lair:4)
  13 orc warriors
  3 phantoms
  10 ogres
  9 wolves
  8 centaurs
  6 big kobolds
  Blork the orc (D:6)
  11 bullfrogs
  2 wyvern zombies
  A wyvern skeleton (D:7)
  6 scorpions
  15 killer bees
  18 wights
  An electric eel (Lair:4)
  2 bullfrog zombies
  11 howler monkeys
  A draconian simulacrum (IceCv)
  A quasit (D:12)
  9 hounds
  20 orc wizards
  2 jellies
  5 bullfrog skeletons
  11 orc priests
  4 centaur skeletons
  4 iguanas
  Jessica (D:2)
  A troll simulacrum (IceCv)
  12 worker ants
  2 spriggan simulacra (IceCv)
  A centaur simulacrum (IceCv)
  A hound skeleton (D:8)
  A worker ant zombie (D:11)
  19 adders
  11 gnolls
  3 naga simulacra (IceCv)
  2 ogre simulacra (IceCv)
  A shadow imp (D:9)
  5 white imps
  2 oozes (D:2)
  3 ufetubi (D:10)
  2 adder skeletons
  2 worms
  3 leopard geckos
  47 orcs
  3 ball pythons
  3 giant cockroaches
  5 goblins
  5 hobgoblins
  4 jackals (D:1)
  3 quokkas
  7 bats
  5 frilled lizards
  30 kobolds
  A quokka zombie (D:5)
  6 rats
516 creatures vanquished.

Vanquished Creatures (collateral kills)
  A troll (Orc:1)
  6 yaks
  2 orc warriors (Orc:1)
  2 orc priests
  An orc wizard (Orc:1)
  12 orcs
24 creatures vanquished.

Vanquished Creatures (others)
  An orc wizard (D:12)
  18 fungi
  20 plants
  8 toadstools (Lair:1)
47 creatures vanquished.

Grand Total: 587 creatures vanquished

Notes
Turn   | Place    | Note
-------+----------+-------------------------------------------
     0 | D:1      | runemasterragnar the Ogre Monk began the quest for the Orb.
     0 | D:1      | Reached XP level 1. HP: 24/24 MP: 1/1
   184 | D:1      | Reached XP level 2. HP: 17/32 MP: 2/2
   694 | D:1      | Reached XP level 3. HP: 40/40 MP: 3/3
  1389 | D:2      | Noticed Jessica
  1396 | D:2      | Killed Jessica
  1397 | D:2      | Reached skill level 5 in Fighting
  1397 | D:2      | Reached XP level 4. HP: 50/50 MP: 4/4
  1574 | D:2      | Found a sparkling altar of Nemelex Xobeh.
  1946 | D:2      | Reached skill level 1 in Maces & Flails
  1946 | D:2      | Reached XP level 5. HP: 44/57 MP: 5/5
  1949 | D:2      | Found a sparkling altar of Nemelex Xobeh.
  2037 | D:2      | Found a stormy altar of Qazlal.
  2067 | D:2      | Found a faded altar of an unknown god.
  2114 | D:2      | Noticed Sigmund
  2131 | D:2      | Killed Sigmund
  2132 | D:2      | Reached skill level 1 in Evocations
  2132 | D:2      | Reached XP level 6. HP: 62/67 MP: 6/6
  2309 | D:2      | Became a worshipper of Kikubaaqudgha
  2309 | D:2      | Reached * piety under Kikubaaqudgha
  2309 | D:2      | Identified Kikubaaqudgha's Incunabulum of Darkness
                  | (Kikubaaqudgha gifted it to you on level 2 of the Dungeon)
  2309 | D:2      | Received a gift from Kikubaaqudgha
  2309 | D:2      | Reached ** piety under Kikubaaqudgha
  2313 | D:2      | Learned a level 1 spell: Pain
  2315 | D:2      | Learned a level 1 spell: Animate Skeleton
  2319 | D:2      | Learned a level 3 spell: Vampiric Draining
  2402 | D:3      | Noticed Grinder
  2417 | D:3      | Paralysed by Grinder for 6 turns
  2493 | D:3      | Killed Grinder
  2494 | D:3      | Reached skill level 1 in Spellcasting
  2494 | D:3      | Reached skill level 1 in Necromancy
  2494 | D:3      | Reached XP level 7. HP: 66/75 MP: 6/8
  3041 | D:3      | Found a hazy altar of Hepliaklqana.
  3356 | D:4      | Noticed Purgy
  3376 | D:4      | Killed Purgy
  3567 | D:4      | Found a sacrificial altar of Ru.
  3571 | D:4      | Reached *** piety under Kikubaaqudgha
  3571 | D:4      | Identified Kikubaaqudgha's Compendium of Darkness
                  | (Kikubaaqudgha gifted it to you on level 4 of the Dungeon)
  3571 | D:4      | Received a gift from Kikubaaqudgha
  3624 | D:4      | Reached XP level 8. HP: 84/84 MP: 11/11
  3837 | D:4      | Found a staircase to the Ecumenical Temple.
  4101 | D:5      | Entered Level 5 of the Dungeon
  4306 | D:6      | You fall into a shaft and drop 1 floor!
  4339 | D:7      | Noticed Maggie
  4363 | D:7      | Killed Maggie
  4595 | D:7      | Noticed Pikel
  4617 | D:7      | Killed Pikel
  4618 | D:7      | Reached skill level 5 in Maces & Flails
  4618 | D:7      | Reached XP level 9. HP: 75/93 MP: 12/14
  4632 | D:7      | Learned a level 4 spell: Animate Dead
  4637 | D:7      | Learned a level 4 spell: Dispel Undead
  4971 | D:6      | Found a transporter.
  5017 | D:6      | Noticed Blork the orc
  5025 | D:6      | Killed Blork the orc
  5033 | D:6      | Reached **** piety under Kikubaaqudgha
  5195 | D:6      | Found Qoorphav's Magic Scroll Emporium.
  5198 | D:6      | Bought a scroll of noise for 15 gold pieces
  5198 | D:6      | Bought a scroll of teleportation for 45 gold pieces
  5198 | D:6      | Bought a scroll of magic mapping for 52 gold pieces
  5431 | D:6      | Found a transporter.
  5515 | D:5      | Reached skill level 5 in Necromancy
  6014 | D:5      | Found a burning altar of Makhleb.
  6014 | D:5      | Found an ancient bone altar of Kikubaaqudgha.
  6318 | D:7      | Noticed Harold
  6328 | D:7      | Killed Harold
  6329 | D:7      | Reached skill level 5 in Evocations
  6329 | D:7      | Reached XP level 10. HP: 92/104 MP: 15/17
  6833 | D:8      | Reached ***** piety under Kikubaaqudgha
  7173 | D:8      | Noticed pkoi's ghost (novice MiFi)
  7198 | D:8      | Reached skill level 5 in Spellcasting
  7382 | D:8      | Noticed Erica
  7411 | D:8      | Killed Erica
  7725 | D:8      | Found a transporter.
  7768 | D:8      | Found a transporter.
  7849 | D:8      | Found a snail-covered altar of Cheibriados.
  8431 | D:9      | Found a staircase to the Lair.
  8593 | D:9      | Found Nurer's Antique Armour Shop.
  8595 | D:9      | Found Hege's Gadget Shop.
  8596 | D:9      | Found Ytuicout's Magic Scroll Shop.
  8615 | D:9      | Found Erphigof's Gadget Shop.
  8736 | D:9      | Reached XP level 11. HP: 69/115 MP: 4/19
  9323 | D:9      | Found a shadowy altar of Dithmenos.
  9579 | D:10     | Entered Level 10 of the Dungeon
  9992 | D:10     | Noticed a wolf spider
  9994 | D:10     | Found a shadowy altar of Dithmenos.
  9994 | D:10     | Noticed an ice dragon
  9995 | D:10     | Found a white marble altar of Elyvilon.
  9997 | D:10     | Noticed a cyan ugly thing
 10007 | D:10     | Killed an ice dragon
 10010 | D:10     | Killed a wolf spider
 10053 | D:10     | Reached skill level 1 in Armour
 10099 | D:10     | Killed a cyan ugly thing
 10667 | D:11     | Noticed a brown ugly thing
 10675 | D:11     | Killed a brown ugly thing
 10874 | D:11     | Found a portal to a secret trove of treasure.
 11211 | D:11     | Noticed a red ugly thing
 11214 | D:11     | Reached skill level 5 in Dodging
 11232 | D:11     | Killed a red ugly thing
 11233 | D:11     | Reached XP level 12. HP: 71/124 MP: 18/22
 11386 | D:11     | Found a sparkling altar of Nemelex Xobeh.
 11803 | D:11     | Reached ****** piety under Kikubaaqudgha
 11920 | D:11     | Found Ahiuza Kopp's Jewellery Shop.
 12535 | D:11     | Found a staircase to the Orcish Mines.
 12681 | D:12     | Received a gift from Kikubaaqudgha
 12692 | D:12     | Learned a level 8 spell: Necromutation
 12740 | D:12     | Found a runed translucent door.
 12879 | D:12     | Found the amulet of the Four Winds {rN+ Will+++ Clar}
 12882 | D:12     | Reached skill level 1 in Transmutations
 12889 | D:12     | Noticed a boulder beetle
 12892 | D:12     | Noticed a six-headed hydra
 13015 | Orc:1    | Entered Level 1 of the Orcish Mines
 13305 | Orc:2    | Entered Level 2 of the Orcish Mines
 13305 | Orc:2    | Found a roughly hewn altar of Beogh.
 13305 | Orc:2    | Found a staircase to the Elven Halls.
 13566 | Orc:1    | Found Baem's Antique Armour Shoppe.
 14090 | Orc:2    | Noticed an orc high priest
 14121 | Orc:2    | Killed an orc high priest
 14473 | Orc:2    | Noticed an orc high priest
 14484 | Orc:2    | Killed an orc high priest
 14655 | D:6      | Bought a scroll of acquirement for 780 gold pieces
 14655 | D:6      | Acquired an uncursed staff of death
 14751 | Lair:1   | Entered Level 1 of the Lair of Beasts
 14786 | Lair:1   | Found a shimmering altar of Xom.
 14931 | Lair:1   | Reached skill level 1 in Staves
 14931 | Lair:1   | Reached XP level 13. HP: 82/132 MP: 3/25
 15234 | Lair:1   | Noticed a dire elephant
 15254 | Lair:1   | Found a runed translucent door.
 16089 | Lair:3   | Reached skill level 10 in Fighting
 16146 | Lair:3   | Reached skill level 5 in Transmutations
 16584 | Lair:4   | Found a staircase to the Snake Pit.
 16714 | Lair:4   | Noticed Nergalle
 16718 | Lair:4   | Killed Nergalle
 16815 | Lair:4   | Reached skill level 10 in Necromancy
 17559 | Lair:4   | Learned a level 5 spell: Agony
 18255 | Lair:4   | Found a staircase to the Swamp.
 18678 | Lair:5   | Found a frozen archway.
 18736 | IceCv    | Entered an ice cave
 19893 | Lair:5   | Reached XP level 14. HP: 106/144 MP: 23/27
 21800 | Lair:2   | Mangled by a komodo dragon

Illustrated notes

Levels and vault maps discovered:
D:1:      minmay_arrival_glassed_features, layout_loops_corners
D:2:      layout_rooms, grunt_qazlal_sundering, marbit_many_paths,
          chequers_ecumenical_altar_island, nemelex_diamond_rough_becter,
          uniq_jessica, uniq_sigmund
D:3:      layout_loops_ring, nzn_hepliaklqana_mist_gate,
          mrwooster_statue_mirror, uniq_grinder
D:4:      layout_basic, nicolae_ru_awakened_eye,
          minmay_temple_entry_gardened_gates, minmay_quantized, uniq_purgy
D:5:      layout_basic, gammafunk_temple_overflow_statue
D:6:      gammafunk_cloud_chamber, layout_basic, serial_shops,
          kennysheep_mini_moat, uniq_blork_the_orc
D:7:      layout_loops_ring, grunt_decor_fettered, grunt_ministairs_15,
          uniq_harold, uniq_maggie, uniq_pikel
D:8:      layout_layer_cave, cheibrodos_worm_habitat, gammafunk_ghost_arena,
          grunt_ministairs_5, uniq_erica
D:9:      layout_stronghold, grunt_dithmenos_shadows, lair_entry_dummy,
          minmay_shop_grid_forest
D:10:     layout_basic, jmf_multi_god_temple
D:11:     cheibrodos_barr_body, layout_stronghold, orc_0_dummy, basic_altar,
          serial_shops, shop, enter_trove_2, chequers_garden,
          kennysheep_generic_room_4
D:12:     minmay_the_grid_four_pointed_star
          [minmay_the_grid_triangle_9x9_subtriangle,
          minmay_the_grid_triangle_9x9_wacky_v,
          minmay_the_grid_triangle_9x9_zippers_vertical,
          minmay_the_grid_triangle_9x9_cache, minmay_the_grid_prize_trominoes],
          layout_basic, basic_altar, serial_shops, nicolae_shop_crystal,
          nicolae_shop_crystal, kennysheep_little_box
Lair:1:   gammafunk_lair_enchanted_lake, layout_chaotic_city, basic_altar,
          infiniplex_staircase_pool
Lair:2:   layout_cave_shapes, st_stairs_9, serial_bayou_pond_c,
          lemuel_fruit_tree
Lair:3:   layout_long_grid
Lair:4:   layout_loops_ring, nicolae_swamp_entry_splash_gauntlet,
          chequers_serial_rivers_small_3, minmay_lair_oklob_chamber,
          uniq_nergalle
Lair:5:   layout_small_grid, portal_ice_cave_entry_ice_beasts,
          chequers_serial_rivers_micro_d, nzn_sisyphean_effort
Orc:1:    layout_caves, serial_shops, shop, nicolae_orc_flooded_monolith
Orc:2:    grunt_orc_cross, layout_caves, basic_altar, nicolae_orc_stony_grotto,
          nicolae_orc_damp_corner, nicolae_orc_bridge_out, uniq_urug

Skill      XL: |  1  2  3  4  5  6  7  8  9 10 11 12 13 14 |
---------------+-------------------------------------------+-----
Dodging        | 3 5 6 |  6.0
Fighting       | 5 6 7 8 9 10 11 | 11.2
Maces & Flails | 1 2 3 5 6 7 8 |  8.0
Evocations     | 1 2 4 5 6 7 8 |  8.6
Spellcasting   | 1 2 3 4 5 6 8 9 |  9.7
Necromancy     | 1 2 4 5 6 8 9 10 11 | 11.0
Armour         | 2 4 |  4.0
Transmutations | 4 6 7 |  7.5
Staves         | 1 3 4 |  4.3
Axes           | |  3.7
Stealth        | |  1.4

Action                   |  1- 3 |  4- 6 |  7- 9 | 10-12 | 13-15 || total
-------------------------+-------+-------+-------+-------+-------++-------
Melee: Hand axe          |   119 |       |       |       |       ||   119
       Club              |       |    71 |   327 |   819 |   283 ||  1500
       Staff             |       |       |       |    33 |   238 ||   271
 Fire: Hunting sling     |    18 |       |       |       |       ||    18
Throw: Throwing net      |       |       |     2 |       |       ||     2
       Javelin           |       |       |       |    14 |    16 ||    30
 Cast: Pain              |       |       |     3 |    55 |   115 ||   173
       Vampiric Draining |       |       |       |    59 |    85 ||   144
       Animate Dead      |       |       |       |     7 |     5 ||    12
       Animate Skeleton  |       |       |       |     1 |       ||     1
       Agony             |       |       |       |       |    11 ||    11
Invok: Receive Corpses   |       |       |       |     2 |       ||     2
       Receive Necronomi |       |       |       |     1 |       ||     1
Evoke: Wand              |       |    10 |     4 |    67 |    84 ||   165
  Use: Scroll            |       |     5 |     7 |     8 |    11 ||    31
       Potion            |       |     1 |     3 |     2 |     9 ||    15
 Stab: Sleeping          |     2 |       |       |     1 |       ||     3
       Distracted        |       |       |       |     6 |     5 ||    11
       Paralysed         |       |       |       |    22 |     8 ||    30
Armor: Robe              |    46 |    16 |     9 |       |       ||    71
       Skin              |       |       |    30 |    11 |       ||    41
       Troll leather arm |       |       |     8 |       |       ||     8
       Acid dragon scale |       |       |    74 |   144 |       ||   218
       Ice dragon scales |       |       |       |   319 |   383 ||   702
Dodge: Dodged            |    98 |    49 |   156 |   453 |   306 ||  1062
